 Dungeon Sprint DCSS version 0.28.0-43-g3370ac3207 (webtiles) character file.

Game seed: 16710231591340724946

9628 boopmooplesden the Fencer (level 11, -10/84 HPs)
             Began as a Minotaur Berserker on Mar 17, 2022.
             Was the Champion of Trog.
             Mangled by a demonic crawler (11 damage)
             ... in the Dungeon (Sprint I: "Red Sonja").
             The game lasted 00:07:22 (2230 turns).

boopmooplesden the Fencer (Minotaur Berserker)      Turns: 2230, Time: 00:07:22

Health: -10/84     AC: 22    Str: 22    XL:     11   Next: 25%
Magic:  2/2        EV: 10    Int:  0    God:    Trog [******]
Gold:   75         SH:  0    Dex: 12    Spells: 10/10 levels left

rFire   . . .      SeeInvis .   b - +2 triple sword (antimagic)
rCold   + . .      Faith    .   (shield currently unavailable)
rNeg    . . .      Spirit   .   n - +2 plate armour
rPois   +          Reflect  .   (helmet unavailable)
rElec   .          Harm     .   m - +0 cloak
rCorr   .          Rampage  .   (no gloves)
Will    ++...      Rage     9%  o - +1 pair of boots
Stlth   .......... NoTele   +   (no amulet)
HPRegen 0.00/turn               q - ring of Wuora {rPois rC+ Will+ Str+4}
MPRegen 0.08/turn               (no ring)

@: on berserk cooldown, inhibited regen, slowed, lost intelligence, unable to
read, very slow
A: horns 3, retaliatory headbutt, berserk 3, clumsy 1, deterioration 1, dopey 2,
frail 3, low MP 3, strong-willed 1, inhibited regeneration, weak 2, no potion
heal 2, subdued magic 2, inability to read while threatened
a: Renounce Religion, Berserk, Trog's Hand, Brothers in Arms


You were in the Dungeon.
You worshipped Trog.
Trog was exalted by your worship.
You visited 1 branch You collected 1405 gold pieces.
You spent 1330 gold pieces at shops.

Inventory:

Hand Weapons
 a - a +0 falchion
 b - a +2 antimagic triple sword (weapon)
 k - a +0 scythe of flaming
 p - a +2 falchion of flaming
 r - a +7 antimagic scimitar
Armour
 m - a +0 cloak (worn)
 n - a +2 plate armour (worn)
 o - a +1 pair of boots (worn)
Jewellery
 q - the ring of Wuora (left hand) {rPois rC+ Will+ Str+4}
   (You bought it in a shop in the Dungeon)

   [ring of protection from cold]

   Str:       It affects your strength (+4).
   rC:        It protects you from cold.
   rPois:     It protects you from poison.
   Will:      It increases your willpower.
Wands
 d - a wand of charming (10)
 i - a wand of iceblast (18)
Scrolls
 e - 3 scrolls of identify
 h - a scroll of blinking
Potions
 c - 3 potions of curing
 f - 2 potions of magic
 g - a potion of berserk rage
 j - 3 potions of heal wounds
 l - a potion of degeneration


   Skills:
 + Level 18.9 Fighting
 + Level 20.8 Long Blades
 + Level 14.1 Armour
 + Level 10.1 Dodging
 + Level 2.0 Stealth


You had 10 spell levels left.
You didn't know any spells.
Your spell library was empty.

Dungeon Overview and Level Annotations

Branches:
Dungeon (1/1)

Altars:
Cheibriados
Dithmenos
Elyvilon
Fedhas
Gozag
Hepliaklqana
Kikubaaqudgha
Makhleb
Nemelex Xobeh
Okawaru
Qazlal
Ru
Sif Muna
Trog
Uskayaw
Vehumet
Wu Jian
Xom
Yredelemnul
Zin
The Shining One
Jiyva
Lugonu

Shops:
D [:**!*=*=*=!*:?!(*![*


Innate Abilities, Weirdness & Mutations

You have a pair of large horns on your head.
You reflexively headbutt those who attack you in melee.
You have an uncontrollable temper.
You are clumsy. (Dex -2)
Your body sometimes deteriorates upon taking damage.
You are very dopey. (Int -4)
You are extremely frail. (-30% HP)
Your magical capacity is extremely low. (-30% MP)
You are strong-willed. (Will+)
You do not regenerate when monsters are visible.
You are very weak. (Str -4)
Potions cannot restore your health.
Your spells are easier to cast, but less powerful.
You sometimes lose the ability to read scrolls when taking damage.


Message History

The demonic crawler shrieks in warning!
The demonic crawler hits you! The demonic crawler barely misses you.
The demonic crawler misses you.
The demonic crawler shrieks in warning! x2
You closely miss the demonic crawler.
The demonic crawler is almost dead.
The demonic crawler closely misses you. You furiously retaliate!
You headbutt the demonic crawler!!
You kill the demonic crawler!
Trog accepts your kill.
You barely miss the demonic crawler. The demonic crawler closely misses you.
You furiously retaliate!
You headbutt the demonic crawler.
The demonic crawler hits you but does no damage. x2
You completely miss the demonic crawler.
The demonic crawler closely misses you. The demonic crawler hits you.
The demonic crawler completely misses you.
The demonic crawler shrieks in warning!
You slash the demonic crawler!
Your headbutt misses the demonic crawler.
The demonic crawler is moderately wounded.
The demonic crawler shrieks in warning!
The demonic crawler hits you but does no damage.
The demonic crawler hits you!
* * * LOW HITPOINT WARNING * * *
The demonic crawler hits you.
* * * LOW HITPOINT WARNING * * *
The demonic crawler hits you but does no damage. x2
The demonic crawler closely misses you.
Okay, then.
Your troll goes berserk!
The demonic crawler hits you.
* * * LOW HITPOINT WARNING * * *
The demonic crawler hits you but does no damage. x6
The demonic crawler hits you!
* * * LOW HITPOINT WARNING * * *
The demonic crawler closely misses you. The demonic crawler hits you.
* * * LOW HITPOINT WARNING * * *
The demonic crawler hits you but does no damage.
The demonic crawler hits you!
You die...

##################***************
.#..'..#__#..')T.#,,*,,,,+,,,,,,+
.'[.#..'..'..#).s##+#,****,,,,,**
'#####'#__####..@s9.#,*,***,,,***
.#...#(####).#####..+,*+*,***+*,,
##..##.#≈≈≈§.#..#*'##**,,,*,*,**,
_##'#_.)§≈§..'..#,°.,,*,,,***,,**
..').._#≈§§§§#..#,°°.,+,,,,,**,*,
_##_.#'##'#####K###.○.*,,,,,*,,**
_###'#)#:...###.K.#°°.#**++**,**,
####.####§###.###.#○○##*,,***,,*+
..'...'.§...[.∩##.#,,****,,***,,,


You could see 2 demonic crawlers, a gargoyle and a friendly troll (summoned,
berserk).

Vanquished Creatures
  2 centaur warriors (D)
  Sonja (D)
  A deep troll (D)
  8 shining eyes (D)
  An oklob plant (D)
  2 unseen horrors (D)
  2 kobold demonologists (D)
  2 demonic crawlers (D)
  A hornet (D)
  A slime creature (D)
  Sigmund (D)
  A yak (D)
  2 redbacks (D)
  6 floating eyes (D)
  7 necrophages (D)
  An ogre (D)
  8 jellies (D)
  Ijyb (D)
48 creatures vanquished.

Vanquished Creatures (others)
  2 ballistomycete spores (D)
2 creatures vanquished.

Grand Total: 50 creatures vanquished

Notes
Turn   | Place    | Note
-------+----------+-------------------------------------------
     0 | D        | boopmooplesden the Minotaur Berserker began the quest for
                  | the Orb.
     0 | D        | Reached XP level 1. HP: 19/19 MP: 0/0
     1 | D        | Noticed Ijyb
     8 | D        | Killed Ijyb
     9 | D        | Reached skill level 5 in Fighting
     9 | D        | Reached skill level 5 in Long Blades
     9 | D        | Reached XP level 2. HP: 20/29 MP: 1/1
   176 | D        | Noticed an ogre
   183 | D        | Killed an ogre
   184 | D        | Reached skill level 7 in Long Blades
   184 | D        | Reached XP level 3. HP: 15/39 MP: 2/2
   184 | D        | Reached XP level 4. HP: 19/47 MP: 3/3
   372 | D        | Noticed Sigmund
   377 | D        | Killed Sigmund
   377 | D        | Reached ** piety under Trog
   378 | D        | Reached skill level 10 in Long Blades
   378 | D        | Reached skill level 5 in Armour
   378 | D        | Reached XP level 5. HP: 58/58 MP: 4/4
   378 | D        | Reached XP level 6. HP: 66/66 MP: 5/5
   432 | D        | Found a burning altar of Makhleb.
   432 | D        | Found a viscous altar of Jiyva.
   432 | D        | Found a shimmering altar of Xom.
   432 | D        | Found a corrupted altar of Lugonu.
   432 | D        | Noticed a slime creature
   441 | D        | Killed a slime creature
   442 | D        | Reached skill level 11 in Long Blades
   442 | D        | Reached skill level 5 in Dodging
   580 | D        | Noticed a kobold demonologist
   580 | D        | Noticed a floating eye
   581 | D        | Noticed a kobold demonologist
   589 | D        | Killed a kobold demonologist
   590 | D        | Reached skill level 12 in Long Blades
   590 | D        | Reached XP level 7. HP: 78/78 MP: 6/6
   590 | D        | Reached *** piety under Trog
   591 | D        | Reached skill level 13 in Long Blades
   593 | D        | Killed a kobold demonologist
   594 | D        | Reached XP level 8. HP: 86/86 MP: 7/7
   603 | D        | Found an ornate altar of the Wu Jian Council.
   603 | D        | Found a shimmering blue altar of Sif Muna.
   605 | D        | Found a radiant altar of Vehumet.
   632 | D        | Found Olyetzeh's Assorted Antiques.
   632 | D        | Found an ancient bone altar of Kikubaaqudgha.
   632 | D        | Found a hazy altar of Hepliaklqana.
   632 | D        | Found a hide-covered altar of Uskayaw.
   632 | D        | Found a basalt altar of Yredelemnul.
   632 | D        | Found an opulent altar of Gozag.
   632 | D        | Found a snail-covered altar of Cheibriados.
   632 | D        | Found a sacrificial altar of Ru.
   632 | D        | Found a shadowy altar of Dithmenos.
   639 | D        | Reached **** piety under Trog
   640 | D        | Reached skill level 14 in Long Blades
   640 | D        | Found a stormy altar of Qazlal.
   640 | D        | Found a blossoming altar of Fedhas.
   640 | D        | Found a bloodstained altar of Trog.
   640 | D        | Found an iron altar of Okawaru.
   640 | D        | Found a glowing golden altar of the Shining One.
   640 | D        | Found a glowing silver altar of Zin.
   640 | D        | Found a white marble altar of Elyvilon.
   641 | D        | Found a sparkling altar of Nemelex Xobeh.
   645 | D        | Bought a scroll labelled ASTATS QOEC for 17 gold pieces
   645 | D        | Bought a scroll labelled CIHEOMENAE for 17 gold pieces
   700 | D        | Noticed a centaur warrior
   702 | D        | Noticed a centaur warrior
   710 | D        | Killed a centaur warrior
   711 | D        | Reached skill level 15 in Long Blades
   728 | D        | Killed a centaur warrior
   729 | D        | Reached skill level 15 in Fighting
   729 | D        | Reached skill level 16 in Long Blades
   729 | D        | Reached XP level 9. HP: 7/97 MP: 8/8
  1250 | D        | Noticed a deep troll
  1259 | D        | Killed a deep troll
  1260 | D        | Reached skill level 10 in Armour
  1271 | D        | Found Noirghiub's Armour Emporium.
  1279 | D        | Bought a +0 cloak for 49 gold pieces
  1279 | D        | Bought a +0 plate armour for 253 gold pieces
  1310 | D        | Noticed an oklob plant
  1316 | D        | Killed an oklob plant
  1324 | D        | Reached ***** piety under Trog
  1325 | D        | Reached skill level 17 in Long Blades
  1407 | D        | Killed an unseen horror
  1408 | D        | Reached XP level 10. HP: 110/110 MP: 9/9
  1429 | D        | Reached skill level 1 in Stealth
  1656 | D        | Received a gift from Trog
  1683 | D        | Reached ****** piety under Trog
  1684 | D        | Reached skill level 18 in Long Blades
  1687 | D        | Received a gift from Trog
  1694 | D        | Identified the +0 robe "Tumiusk" {rC+}
  1789 | D        | Found Bin Gon's General Store.
  1789 | D        | Found Yriono's Jewellery Shop.
  1789 | D        | Found Xamenes's Jewellery Boutique.
  1791 | D        | Found Ypsu's Assorted Antiques.
  1791 | D        | Found Nojoaloh's Jewellery Shop.
  1791 | D        | Found Binnar's Distillery.
  1791 | D        | Found Tosing's Assorted Antiques.
  1791 | D        | Found Padiehos's Book Emporium.
  1791 | D        | Found Calel's Magic Scroll Shop.
  1791 | D        | Found Syisohus's Distillery.
  1795 | D        | Found Okid's Weapon Boutique.
  1796 | D        | Found Onul's Distillery.
  1796 | D        | Found Moikaet's Assorted Antiques.
  1797 | D        | Bought the ring of Wuora {rPois rC+ Will+ Str+4} for 602
                  | gold pieces
  1798 | D        | Found Jerank's Assorted Antiques.
  1808 | D        | Bought a scroll labelled AKLOIS EVVEK for 21 gold pieces
  1808 | D        | Bought a scroll labelled DAGRIDUAFO for 21 gold pieces
  1808 | D        | Bought a scroll labelled AKLOIS EVVEK for 21 gold pieces
  1820 | D        | Bought a scroll labelled ACVYPA TIRAKK for 31 gold pieces
  1862 | D        | Noticed Sonja
  1866 | D        | Killed Sonja
  1885 | D        | Found Niurery's Antique Armour Boutique.
  1944 | D        | Bought a pair of runed boots for 210 gold pieces
  1950 | D        | Noticed a shining eye
  1950 | D        | Noticed a shining eye
  1950 | D        | Noticed a shining eye
  1950 | D        | Gained mutation: You tend to lose your temper in combat. [a
                  | shining eye]
  1953 | D        | Gained mutation: You are strong-willed. (Will+) [a shining
                  | eye]
  1956 | D        | Noticed a shining eye
  1956 | D        | Noticed a shining eye
  1956 | D        | Noticed a shining eye
  1956 | D        | Gained mutation: Your body sometimes deteriorates upon
                  | taking damage. [a shining eye]
  1957 | D        | Gained mutation: Your body often deteriorates upon taking
                  | damage. [a shining eye]
  1957 | D        | Gained mutation: Your magical capacity is low. (-10% MP) [a
                  | shining eye]
  1959 | D        | Killed a shining eye
  1961 | D        | Gained mutation: You sometimes lose the ability to read
                  | scrolls when taking damage. [a shining eye]
  1962 | D        | Killed a shining eye
  1963 | D        | Reached skill level 19 in Long Blades
  1963 | D        | Reached skill level 10 in Dodging
  1963 | D        | Paralysed by a floating eye for 3 turns
  1965 | D        | Gained mutation: You are frail. (-10% HP) [a shining eye]
  1965 | D        | Gained mutation: You are dopey. (Int -2) [a shining eye]
  1967 | D        | Killed a shining eye
  1968 | D        | Received a gift from Trog
  1969 | D        | Noticed a shining eye
  1969 | D        | Noticed a shining eye
  1969 | D        | Gained mutation: Your spells are a little easier to cast,
                  | but a little less powerful. [a shining eye]
  1971 | D        | Paralysed by a floating eye for 3 turns
  1973 | D        | Gained mutation: Your magical capacity is very low. (-20%
                  | MP) [a shining eye]
  1975 | D        | Gained mutation: You are very frail. (-20% HP) [a shining
                  | eye]
  1976 | D        | Gained mutation: You do not regenerate when monsters are
                  | visible. [a shining eye]
  1977 | D        | Killed a shining eye
  1977 | D        | Paralysed by a floating eye for 4 turns
  1978 | D        | Gained mutation: You are extremely frail. (-30% HP) [a
                  | shining eye]
  1979 | D        | Gained mutation: You are weak. (Str -2) [a shining eye]
  1980 | D        | Gained mutation: You often lose your temper in combat. [a
                  | shining eye]
  1981 | D        | Gained mutation: You are very weak. (Str -4) [a shining
                  | eye]
  1982 | D        | Gained mutation: You have an uncontrollable temper. [a
                  | shining eye]
  1982 | D        | Gained mutation: Potions are less effective at restoring
                  | your health. [a shining eye]
  1983 | D        | Gained mutation: Armour fits poorly on your strangely
                  | shaped body. [a shining eye]
  1984 | D        | Lost intelligence.
  1984 | D        | Gained mutation: You are very dopey. (Int -4) [a shining
                  | eye]
  1987 | D        | Killed a shining eye
  1987 | D        | Gained mutation: Potions cannot restore your health. [a
                  | shining eye]
  1987 | D        | Gained mutation: Your spells are easier to cast, but less
                  | powerful. [a shining eye]
  1988 | D        | Reached XP level 11. HP: 84/84 MP: 2/7
  1990 | D        | Killed a shining eye
  1991 | D        | Reached skill level 20 in Long Blades
  1991 | D        | Gained mutation: You are clumsy. (Dex -2) [a shining eye]
  1994 | D        | Gained mutation: Your magical capacity is extremely low.
                  | (-30% MP) [a shining eye]
  1998 | D        | Killed a shining eye
  1999 | D        | Killed a shining eye
  1999 | D        | Received a gift from Trog
  2111 | D        | Found Riwar's Distillery.
  2111 | D        | Found Urisusta's General Store.
  2111 | D        | Found Athrereorph's General Store.
  2112 | D        | Found Exevaloc's Book Shoppe.
  2125 | D        | Bought a potion of mutation for 88 gold pieces
  2125 | D        | Lost mutation: Armour fits poorly on your strangely shaped
                  | body. [potion of mutation]
  2125 | D        | Lost mutation: Your body often deteriorates upon taking
                  | damage. [potion of mutation]
  2125 | D        | Gained mutation: You have a pair of large horns on your
                  | head. [potion of mutation]
  2230 | D        | HP: 2/84 [demonic crawler (9)]
  2230 | D        | Mangled by a demonic crawler

Illustrated notes

Levels and vault maps discovered:
D:        dungeon_sprint_1 [red_sonja_temple_1, red_sonja_temple_small_1]

Skill      XL: |  1  2  3  4  5  6  7  8  9 10 11 |
---------------+----------------------------------+-----
Fighting       | 5 7 9 12 13 15 16 18 | 18.9
Long Blades    | 5 7 10 12 13 16 17 19 20 | 20.8
Armour         | 3 4 5 6 7 9 11 13 14 | 14.1
Dodging        | 3 4 6 8 9 10 | 10.1
Stealth        | 2 |  2.0

Action                   |  1- 3 |  4- 6 |  7- 9 | 10-12 || total
-------------------------+-------+-------+-------+-------++-------
Melee: Falchion          |    11 |    18 |    56 |    23 ||   108
       Headbutt          |     1 |     5 |    19 |    13 ||    38
       Triple sword      |       |       |       |    62 ||    62
Invok: Berserk           |     1 |     3 |     4 |     4 ||    12
       Brothers in Arms  |       |       |       |     1 ||     1
Evoke: Wand              |       |       |     1 |       ||     1
  Use: Scroll            |       |       |     2 |     6 ||     8
       Potion            |       |       |     2 |     1 ||     3
Armor: Ring mail         |       |     2 |    14 |       ||    16
       Plate armour      |       |       |     7 |    80 ||    87
Dodge: Dodged            |     7 |     3 |    30 |    42 ||    82
